 Dungeon Crawl Stone Soup version 0.23.2-1-ga50397a (webtiles) character file.

Game seed: 12720592455390944274

80 Iscandelvey the Charmwright (level 4, 13/33 HPs)
             Began as a Demonspawn Skald on Apr 26, 2019.
             Quit the game on level 2 of the Dungeon.
             The game lasted 00:01:33 (1320 turns).

Iscandelvey the Charmwright (Demonspawn Skald)      Turns: 1320, Time: 00:01:34

Health: 13/33      AC:  3    Str: 11    XL:     4   Next: 18%
Magic:  7/7        EV: 12    Int: 16    God:
Gold:   62         SH:  0    Dex: 12    Spells: 6/7 levels left

rFire    . . .     SeeInvis .   a - +0 spear
rCold    . . .     Gourm    .   (no shield)
rNeg     . . .     Faith    .   b - +0 leather armour
rPois    .         Spirit   .   (no helmet)
rElec    .         Reflect  .   (no cloak)
rCorr    .         Harm     .   (no gloves)
MR       .....                  (no boots)
Stlth    +.........             (no amulet)
HPRegen  0.11/turn              (no ring)
MPRegen  0.10/turn              (no ring)

@: no status effects
A: rot immunity, sturdy frame 1
a: no special abilities


You were on level 2 of the Dungeon.
You were hungry.

You visited 1 branch of the dungeon, and saw 2 of its levels.

You collected 62 gold pieces.

Inventory:

Hand Weapons
 a - a +0 spear (weapon)
Armour
 b - a +0 leather armour (worn)
Scrolls
 c - a scroll of teleportation {unknown}
 e - 2 scrolls of identify {unknown}
 f - a scroll of blinking {unknown}
Potions
 g - a potion of cancellation {unknown}
 h - a potion of magic {unknown}
 i - a potion of brilliance {unknown}
Comestibles
 d - 4 rations
 j - a chunk of flesh


   Skills:
 + Level 2.2 Fighting
 + Level 3.0 Polearms
 + Level 1.1 Armour
 + Level 2.2 Dodging
 + Level 2.1 Spellcasting
 + Level 3.2 Charms


You had 6 spell levels left.
You knew the following spells:

 Your Spells              Type           Power        Failure   Level  Hunger
a - Infusion              Chrm           ##..         6%          1    #......

Your spell library contained the following spells:

 Spells                   Type           Power        Failure   Level  Hunger
 Song of Slaying          Chrm           ##......     9%          2    ###....
 Shroud of Golubria       Chrm/Tloc      #.........   17%         2    ###....
 Regeneration             Chrm/Necr      #.........   34%         3    ###....
 Spectral Weapon          Hex/Chrm       #.......     34%         3    ###....


Dungeon Overview and Level Annotations

Branches:
Dungeon (2/15)

Altars:


Innate Abilities, Weirdness & Mutations

You are immune to rotting.
Your movements are slightly less encumbered by armour. (ER -2)


Message History

You are too injured to fight recklessly!
You hit the worker ant but do no damage.
The worker ant is almost dead.
The worker ant barely misses you.
You barely miss the worker ant.
The worker ant is almost dead.
The worker ant bites you but does no damage.
You completely miss the worker ant.
The worker ant is almost dead.
The worker ant misses you. The worker ant barely misses you.
You barely miss the worker ant.
The worker ant is almost dead.
The worker ant completely misses you.
You hit the worker ant.
You kill the worker ant!
Your Polearms skill increases to level 3!
You have reached level 4!
You feel clever.
Your demonic ancestry asserts itself...
You feel immune to rotting.
Are you sure you want to abandon this character and quit the game? (Confirm with "yes".)

#.........# ..
##.......#.###.#.#
##......##..##.#.#
.##.....###.##.#.#
..'†....# #..#.#.#
.##..#### ##.#.#.#
### ##..## #.#.#.#
.... #..## #...#.#
.... ..##
##..#@#.)#### .##
#..#.......# ##
#...(...##.#
##.#.##.# .....#
.# ###.### # #.#
#.# #.#


There were no monsters in sight!

Vanquished Creatures
  A worker ant (D:2)
  A shadow imp (D:2)
  An ooze (D:1)
  3 dart slugs (D:1)
  4 leopard geckos
  A ball python (D:1)
  3 giant cockroaches
  4 goblins
  3 hobgoblins (D:1)
  6 kobolds
  2 bats (D:1)
  2 frilled lizards (D:1)
  6 rats (D:1)
37 creatures vanquished.

Notes
Turn   | Place    | Note
-------+----------+-------------------------------------------
     0 | D:1      | Iscandelvey the Demonspawn Skald began the quest for the
                  | Orb.
     0 | D:1      | Reached XP level 1. HP: 16/16 MP: 3/3
   155 | D:1      | Gained mutation: Your movements are slightly less
                  | encumbered by armour. (ER -2) [demonic ancestry]
   155 | D:1      | Reached XP level 2. HP: 19/22 MP: 5/5
   232 | D:1      | Reached skill level 1 in Armour
   733 | D:1      | Reached XP level 3. HP: 27/27 MP: 6/6
  1319 | D:2      | Gained mutation: You are immune to rotting. [demonic
                  | ancestry]
  1319 | D:2      | Reached XP level 4. HP: 13/33 MP: 7/7
  1320 | D:2      | Quit the game

Skill      XL: |  1  2  3 |
---------------+----------+-----
Charms         | 3 |  3.2
Dodging        | 2 |  2.2
Armour         | 1 |  1.1
Polearms       | 2 3 |  3.0
Fighting       | |  2.2
Spellcasting   | |  2.1

Action                   |  1- 3 |  4- 6 || total
-------------------------+-------+-------++-------
Melee: Spear             |   149 |       ||   149
 Stab: Sleeping          |     1 |       ||     1
  Eat: Chunk             |     1 |       ||     1
Armor: Leather armour    |    27 |       ||    27
Dodge: Dodged            |    61 |       ||    61
